 Seeded DCSS version 0.31-a0-544-gceb718ecc6 (webtiles) character file.

Game seed: 3826825538972431165 (custom seed)

87 innerfire43 the Ruffian (level 4, -1/34 HPs)
             Began as a Gnoll Shapeshifter on Aug 15, 2023.
             Slain by a goblin
             ... wielding a +0 club
             ... led by Robin
              (6 damage)
             ... on level 2 of the Dungeon.
             The game lasted 00:01:41 (1057 turns).

innerfire43 the Ruffian (Gnoll Shapeshifter)        Turns: 1057, Time: 00:01:41

Health: -1/34      AC:  5    Str: 16    XL:     4   Next: 51%
Magic:  5/5        EV: 12    Int:  7    God:
Gold:   183        SH:  0    Dex: 13    Spells: 5/5 levels left

rFire   . . .        e - +4 lajatang (spect)
rCold   + . .        (shield currently unavailable)
rNeg    . . .        h - +0 ring mail
rPois   .            (helmet currently unavailable)
rElec   .            (cloak currently unavailable)
rCorr   .            (gloves currently unavailable)
SInv    .            (boots currently unavailable)
Will    .....        (no amulet)
Stlth   +            q - ring of protection from cold
HPRegen 0.25/turn    (no ring)
MPRegen 0.09/turn

%: no passive effects
@: beast-form
A: beast (slay +4), fangs 1, strong nose, distributed training
a: Begin Untransformation


You were on level 2 of the Dungeon.
You were a hulking beast.
You visited 1 branch of the dungeon, and saw 2 of its levels.

You collected 183 gold pieces.

Inventory:

Hand Weapons
 e - a +4 spectral lajatang (weapon)
Armour
 a - a +0 animal skin
 h - a +0 ring mail (worn)
Jewellery
 q - a ring of protection from cold (left hand)
Talismans
 c - a beast talisman (active)
 d - a flux talisman
Scrolls
 f - 2 scrolls of vulnerability {unknown}
 g - a scroll of amnesia {unknown}
 i - 2 scrolls of identify {unknown}
 j - 2 scrolls of noise {unknown}
 l - a scroll of brand weapon {unknown}
 o - a scroll of torment {unknown}
Potions
 b - a potion of lignification
 k - 2 potions of mutation {unknown}
 m - a potion of curing {unknown}
 n - a potion of cancellation {unknown}
 p - a potion of brilliance {unknown}
 r - a potion of enlightenment {unknown}


   Skills:
 + Level 2.8 Fighting
 + Level 1.2 Short Blades
 + Level 1.2 Long Blades
 + Level 1.2 Axes
 + Level 1.2 Maces & Flails
 + Level 1.2 Polearms
 + Level 1.2 Staves
 + Level 1.2 Ranged Weapons
 + Level 1.2 Throwing
 + Level 1.2 Armour
 + Level 4.6 Dodging
 + Level 1.2 Stealth
 + Level 1.2 Shields
 + Level 6.6 Unarmed Combat
 + Level 1.2 Spellcasting
 + Level 1.0 Conjurations
 + Level 1.0 Hexes
 + Level 1.0 Summonings
 + Level 1.0 Necromancy
 + Level 1.0 Translocations
 + Level 1.0 Transmutations
 + Level 1.0 Fire Magic
 + Level 1.0 Ice Magic
 + Level 1.0 Air Magic
 + Level 1.0 Earth Magic
 + Level 1.0 Poison Magic
 + Level 1.3 Invocations
 + Level 1.2 Evocations
 + Level 6.5 Shapeshifting


You had 5 spell levels left.
You didn't know any spells.
Your spell library was empty.

Dungeon Overview and Level Annotations

Branches:
Dungeon (2/15)

Altars:


Innate Abilities, Weirdness & Mutations

You are a hulking beast.
Your limbs bulge with bestial killing power. (Slay +4)
You have very sharp teeth.
Your uncanny sense of smell can sniff out nearby items.
Your experience applies equally to all skills.


Message History

Unknown command.
There are monsters nearby!
You are too injured to fight recklessly!
Unknown command.
You are too injured to fight recklessly!
You closely miss the goblin. Your bite misses the goblin.
The goblin closely misses you. x3; The hobgoblin hits you.
The goblin closely misses you. The hobgoblin closely misses you.
The goblin barely misses you. x3; The goblin hits you with a +0 club.
Unknown command.
You hit the goblin.
You kill the goblin!
The goblin hits you but does no damage. The goblin closely misses you.
The goblin hits you with a +0 dagger.
The hobgoblin hits you but does no damage.
You slash Robin!
You kill Robin!
The goblin closely misses you. The hobgoblin closely misses you.
The goblin hits you with a +0 club.
* * * LOW HITPOINT WARNING * * *
The goblin hits you with a +0 club.
* * * LOW HITPOINT WARNING * * *
Your Conjurations skill increases to level 1!
Your Hexes skill increases to level 1!
Your Summonings skill increases to level 1!
Your Necromancy skill increases to level 1!
Your Translocations skill increases to level 1!
Your Transmutations skill increases to level 1!
Your Fire Magic skill increases to level 1!
Your Ice Magic skill increases to level 1!
Your Air Magic skill increases to level 1!
Your Earth Magic skill increases to level 1!
Your Poison Magic skill increases to level 1!
You completely miss the hobgoblin.
Your +4 spectral lajatang hits the hobgoblin!!
You kill the hobgoblin!
The goblin hits you with a +0 dagger.
* * * LOW HITPOINT WARNING * * *
The goblin hits you with a +0 club.
You die...

#..........#..
#..........#.. ###
####..........#.. .?..
#.............#.. .....
#.............###
.....###.............###
...$.................##.
.)..<.ggg.......#######.
......(h....###.........
##.....###### ######....
#..... #.... #.....
#.... #..... #....
#..... #.... #.....
#.... #..... #.... #....


You could see 3 goblins and a friendly +4 spectral lajatang.

Vanquished Creatures
  Robin (D:2)
  3 adders (D:2)
  A dart slug (D:1)
  4 bats
  5 endoplasms
  3 giant cockroaches (D:1)
  8 goblins
  5 hobgoblins
  2 jackals (D:2)
  2 kobolds (D:1)
  A quokka (D:2)
  2 ball pythons (D:1)
  A frilled lizard (D:1)
  4 rats (D:1)
42 creatures vanquished.

Notes
Turn   | Place    | Note
-------+----------+-------------------------------------------
     0 | D:1      | innerfire43 the Gnoll Shapeshifter began the quest for the
                  | Orb.
     0 | D:1      | Reached XP level 1. HP: 17/17 MP: 1/1
    16 | D:1      | Identified a scroll of acquirement
    16 | D:1      | Acquired a +4 spectral lajatang
   123 | D:1      | Reached XP level 2. HP: 21/23 MP: 2/2
   498 | D:1      | Reached XP level 3. HP: 28/28 MP: 3/3
   830 | D:2      | Reached skill level 1 in Invocations
   858 | D:2      | Reached skill level 1 in Short Blades
   858 | D:2      | Reached skill level 1 in Long Blades
   858 | D:2      | Reached skill level 1 in Axes
   858 | D:2      | Reached skill level 1 in Maces & Flails
   858 | D:2      | Reached skill level 1 in Polearms
   858 | D:2      | Reached skill level 1 in Staves
   858 | D:2      | Reached skill level 1 in Ranged Weapons
   858 | D:2      | Reached skill level 1 in Throwing
   858 | D:2      | Reached skill level 1 in Armour
   858 | D:2      | Reached skill level 1 in Stealth
   858 | D:2      | Reached skill level 1 in Shields
   858 | D:2      | Reached skill level 1 in Spellcasting
   858 | D:2      | Reached skill level 1 in Evocations
   929 | D:2      | Reached XP level 4. HP: 29/34 MP: 5/5
  1046 | D:2      | Noticed Robin
  1056 | D:2      | Killed Robin
  1057 | D:2      | Reached skill level 1 in Conjurations
  1057 | D:2      | Reached skill level 1 in Hexes
  1057 | D:2      | Reached skill level 1 in Summonings
  1057 | D:2      | Reached skill level 1 in Necromancy
  1057 | D:2      | Reached skill level 1 in Translocations
  1057 | D:2      | Reached skill level 1 in Transmutations
  1057 | D:2      | Reached skill level 1 in Fire Magic
  1057 | D:2      | Reached skill level 1 in Ice Magic
  1057 | D:2      | Reached skill level 1 in Air Magic
  1057 | D:2      | Reached skill level 1 in Earth Magic
  1057 | D:2      | Reached skill level 1 in Poison Magic
  1057 | D:2      | Slain by a goblin

Illustrated notes

Levels and vault maps discovered:
D:1:      roderic_crop_circles_arrival_large, layout_basic
D:2:      layout_basic, minmay_distorted, uniq_robin, uniq_jessica

Skill      XL: |  1  2  3  4 |
---------------+-------------+-----
Invocations    | 1 |  1.3
Short Blades   | 1 |  1.2
Long Blades    | 1 |  1.2
Axes           | 1 |  1.2
Maces & Flails | 1 |  1.2
Polearms       | 1 |  1.2
Staves         | 1 |  1.2
Ranged Weapons | 1 |  1.2
Throwing       | 1 |  1.2
Armour         | 1 |  1.2
Stealth        | 1 |  1.2
Shields        | 1 |  1.2
Spellcasting   | 1 |  1.2
Evocations     | 1 |  1.2
Conjurations   | 1 |  1.0
Hexes          | 1 |  1.0
Summonings     | 1 |  1.0
Necromancy     | 1 |  1.0
Translocations | 1 |  1.0
Transmutations | 1 |  1.0
Fire Magic     | 1 |  1.0
Ice Magic      | 1 |  1.0
Air Magic      | 1 |  1.0
Earth Magic    | 1 |  1.0
Poison Magic   | 1 |  1.0
Fighting       | |  2.8
Dodging        | |  4.6
Unarmed Combat | |  6.6
Shapeshifting  | |  6.5

Action                     |  1- 3 |  4- 6 || total
---------------------------+-------+-------++-------
  Melee: Lajatang          |    41 |    17 ||    58
         Bite              |     4 |     1 ||     5
         Unarmed           |     1 |       ||     1
    Use: Scroll            |     1 |       ||     1
 Armour: Animal skin       |     4 |       ||     4
         Ring mail         |     5 |     8 ||    13
  Dodge: Dodged            |    26 |    32 ||    58

Table legend: (Time is in decaauts)
 A = Elapsed time spent in this place.
 B = Non-inter-level travel time spent in this place.
 C = Inter-level travel time spent in this place.
 D = Time resting spent in this place.
 E = Time spent auto-exploring this place.
 F = Levels seen in this place.
 G = Mean time per level.
                   A        B        C        D        E       F      G
               +--------+--------+--------+--------+--------+-----+--------+
         Total |   1076 |   1017 |     59 |      0 |    810 |   2 |  538.0 |
       Dungeon |   1076 |   1017 |     59 |      0 |    810 |   2 |  538.0 |
               +--------+--------+--------+--------+--------+-----+--------+

Top non-repeatable levels by time:
     D:1: 707 daAuts
     D:2: 369 daAuts
